 Seeded DCSS version 0.31-a0-986-g5e6e4ef867 (webtiles) character file.

Game seed: 14459707170205011524 (custom seed)

368 timneilson the Ruffian (level 6, 0/41 HPs)
             Began as an Octopode Shapeshifter on Nov 14, 2023.
             Was an Initiate of Gozag.
             Killed from afar by an orc wizard (9 damage)
             ... with a puff of flame
             ... on level 3 of the Dungeon.
             The game lasted 00:06:07 (2102 turns).

timneilson the Ruffian (Octopode Shapeshifter)      Turns: 2102, Time: 00:06:08

Health: 0/41       AC:  1    Str: 21    XL:     6   Next: 69%
Magic:  8/8        EV: 18    Int: 13    God:    Gozag
Gold:   557        SH:  0    Dex: 11    Spells: 7/8 levels left

rFire   . .          .
                       - Unarmed
rCold   . . .        (no shield)
rNeg    . . .        (helmet currently unavailable)
rPois   +            (no amulet)
rElec   .            e - ring of poison resistance
rCorr   +            g - ring of resist corrosion
SInv    .            k - +5 ring of evasion
Will    .....        l - +6 ring of strength
Stlth   +++          (no ring)
HPRegen 0.26/turn    (no ring)
MPRegen 0.11/turn    (no ring)
                     (no ring)

%: no passive effects
@: beast-form
A: beast (slay +2), almost no armour, amphibious, 8 rings, camouflage 1,
gelatinous body 1, (nimble swimmer 1), tentacles
a: Begin Untransformation, Renounce Religion, Potion Petition, Call Merchant,
Bribe Branch


You were on level 3 of the Dungeon.
You worshipped Gozag.
Gozag was pleased with you.
You were a hulking beast.
You visited 1 branch of the dungeon, and saw 4 of its levels.

You collected 1370 gold pieces.
You spent 792 gold pieces at shops.
You paid 21 gold pieces to Gozag.

Inventory:

Jewellery
 e - a ring of poison resistance (left tentacle)
 g - a ring of resist corrosion (right tentacle)
 k - a +5 ring of evasion (on tentacle)
 l - a +6 ring of strength (on tentacle)
Talismans
 b - a beast talisman
 c - a flux talisman
Scrolls
 f - 3 scrolls of teleportation
 j - a scroll of amnesia
 m - a scroll of identify
Potions
 a - 2 potions of lignification
 d - a potion of attraction {unknown}
 h - a potion of might {unknown}
 i - 2 potions of curing


   Skills:
 * Level 2.9 Fighting
 * Level 3.4 Dodging
 + Level 2.6 Stealth
 * Level 4.2 Unarmed Combat
 + Level 1.6 Spellcasting
 + Level 0.0 Translocations
 * Level 4.0 Shapeshifting


You had 7 spell levels left.
You knew the following spells:

 Your Spells              Type           Power      Damage    Failure   Level
a - Apportation           Tloc           2%         N/A       26%         1

Your spell library contained the following spells:

 Spells                   Type           Power      Damage    Failure   Level
 Momentum Strike          Conj/Tloc      2%         3d8       36%         2
 Cigotuvi's Dreadful Rot  Necr/Pois/Air  2%         N/A       38%         2
 Jinxbite                 Hex            2%         N/A       38%         2
 Gell's Gravitas          Tloc           1%         N/A       61%         3
 Dispel Undead            Necr           1%         3d6       95%         4
 Alistair's Intoxication  Tmut/Pois      0%         N/A       100%        5
 Summon Forest            Summ/Tloc      0%         N/A       100%        5
 Summon Mana Viper        Hex/Summ       1%         N/A       100%        5
 Death Channel            Necr           0%         N/A       100%        6
 Summon Cactus Giant      Summ           0%         N/A       100%        6


Dungeon Overview and Level Annotations

Branches:
Dungeon (4/15)
 Temple: D:4-7

Altars:
Dithmenos
Gozag
Nemelex Xobeh

Shops:
D:3 =


Innate Abilities, Weirdness & Mutations

You are a hulking beast.
Your limbs bulge with bestial killing power. (Slay +2)
You cannot wear most types of armour.
You are amphibious.
You can wear up to eight rings at the same time.
Your skin changes colour to match your surroundings (Stealth+).
Your rubbery body absorbs attacks. (AC +1, EV +1)
((You are camouflaged when in or above water. (Stealth+)))
You have tentacles for arms and can constrict up to eight enemies at once.


Message History

Reactivating autopickup.
Something hits you but does no damage.
Deactivating autopickup; reactivate with Ctrl-A.
The orc wizard hits you with a +0 dagger.
You climb upwards.
Reactivating autopickup.
There is a stone staircase leading down here.
You tentacle-slap the orc wizard but do no damage.
Your grab misses the orc wizard.
An orc wizard appears from thin air!
The orc hits you with a +0 whip.
* * * LOW HITPOINT WARNING * * *
The orc wizard is distracted by your dazzling golden aura.
The orc wizard misses you.
The orc wizard shouts!
You tentacle-slap the orc wizard. You grab the orc wizard.
You squeeze the orc wizard.
The orc wizard is severely wounded.
You constrict the orc wizard. The orc misses you. The orc wizard misses you.
Unknown command.
You tentacle-slap the orc wizard but do no damage.
The orc wizard is almost dead.
You constrict the orc wizard.
You kill the orc wizard!
The orc barely misses you.
You bludgeon the orc!
You kill the orc!
Your Shapeshifting skill increases to level 4!
You tentacle-slap the orc wizard.
The orc wizard is no longer distracted by gold.
Your grab misses the orc wizard.
The orc wizard is moderately wounded.
The orc wizard hits you with a +0 dagger.
* * * LOW HITPOINT WARNING * * *
You closely miss the orc wizard. Your grab misses the orc wizard.
Your tentacle-slap misses the orc wizard.
The orc wizard is moderately wounded.
The orc wizard casts a spell at you. The puff of flame hits you!
You die...
Your body crumbles into a pile of gold.

#####....# ######
###..####....###########
##....#....)..##.....##
###########.................##
.............................#
###.).####...........<.......#
#
#.....รท..##................#
###...>######..$$..>.........#
......## ##...ho[..........#
......# #.....)[..........#
.##...# #.#...([.........##
###...# #.##...).##.....##
#...######)############### #
#...#.......########
###.###.....).##.....# ##..#
#.......##...).#
##.####.[.....##.....#


You could see an orc wizard.

Vanquished Creatures
  Sigmund (D:2)
  2 orc priests
  An orc wizard (D:3)
  Terence (D:3)
  An adder (D:3)
  A worm (D:2)
  8 orcs
  4 ball pythons
  6 endoplasms
  2 giant cockroaches
  8 goblins
  7 hobgoblins
  12 kobolds
  A quokka (D:1)
  8 bats
  7 frilled lizards
  6 rats
76 creatures vanquished.

Vanquished Creatures (others)
  An orc wizard (D:3)
1 creature vanquished.

Grand Total: 77 creatures vanquished

Notes
Turn   | Place    | Note
-------+----------+-------------------------------------------
     0 | D:1      | timneilson the Octopode Shapeshifter began the quest for
                  | the Orb.
     0 | D:1      | Reached XP level 1. HP: 13/13 MP: 1/1
   145 | D:1      | Reached XP level 2. HP: 9/18 MP: 2/2
   556 | D:1      | Reached XP level 3. HP: 22/22 MP: 3/3
   605 | D:1      | Identified a scroll of acquirement
   605 | D:1      | Acquired 1193 gold pieces
   670 | D:2      | Reached skill level 1 in Stealth
   694 | D:2      | Noticed Sigmund
  1042 | D:2      | Killed Sigmund
  1043 | D:2      | Reached skill level 1 in Spellcasting
  1043 | D:2      | Reached XP level 4. HP: 22/30 MP: 5/5
  1043 | D:2      | Reached XP level 5. HP: 26/35 MP: 6/6
  1308 | D:3      | Identified the of Kumin
  1406 | D:2      | Reached XP level 6. HP: 39/41 MP: 8/8
  1477 | D:3      | Found Utruot's Jewellery Boutique.
  1485 | D:3      | Bought a +5 ring of evasion for 396 gold pieces
  1539 | D:3      | Found an opulent altar of Gozag.
  1550 | D:3      | Became a worshipper of Gozag Ym Sagoz the Greedy
  1637 | D:3      | Learned a level 1 spell: Apportation
  1673 | D:3      | Noticed Terence
  1686 | D:3      | Killed Terence
  1754 | D:3      | Bought a +6 ring of strength for 396 gold pieces
  1847 | D:3      | Found a shadowy altar of Dithmenos.
  1848 | D:3      | Found a sparkling altar of Nemelex Xobeh.
  2102 | D:3      | Killed from afar by an orc wizard

Illustrated notes

Levels and vault maps discovered:
D:1:      roderic_chinese_lattice_arrival, layout_rooms, grunt_decor_resistance,
          st_stairs_5, reono_crystal_passage
D:2:      layout_basic, uniq_sigmund
D:3:      layout_rooms, gammafunk_temple_overflow_statue,
          grunt_gozag_breadcrumbs, serial_shops, shop, uniq_terence
D:4:      layout_gridville, mainiacjoe_overflow_big_doors, goddamned_bats

Skill      XL: |  1  2  3  4  5  6 |
---------------+-------------------+-----
Stealth        | 2 |  2.6
Fighting       | 2 |  2.9
Dodging        | 3 |  3.4
Spellcasting   | 1 |  1.6
Unarmed Combat | 4 |  4.2
Shapeshifting  | 4 |  4.0

Action                     |  1- 3 |  4- 6 || total
---------------------------+-------+-------++-------
  Melee: Unarmed           |    66 |    78 ||   144
         Constrict         |    21 |    15 ||    36
         Tentacles         |    13 |    17 ||    30
         Punch             |     3 |     2 ||     5
    Use: Scroll            |     2 |     3 ||     5
   Stab: Sleeping          |     7 |     5 ||    12
 Armour: Skin              |    27 |    33 ||    60
  Dodge: Dodged            |    40 |    52 ||    92

Table legend: (Time is in decaauts)
 A = Elapsed time spent in this place.
 B = Non-inter-level travel time spent in this place.
 C = Inter-level travel time spent in this place.
 D = Time resting spent in this place.
 E = Time spent auto-exploring this place.
 F = Levels seen in this place.
 G = Mean time per level.
                   A        B        C        D        E       F      G
               +--------+--------+--------+--------+--------+-----+--------+
         Total |   2092 |   1995 |     97 |     14 |   1355 |   4 |  523.0 |
       Dungeon |   2092 |   1995 |     97 |     14 |   1355 |   4 |  523.0 |
               +--------+--------+--------+--------+--------+-----+--------+

Top non-repeatable levels by time:
     D:3: 699 daAuts
     D:2: 696 daAuts
     D:1: 631 daAuts
     D:4: 65 daAuts
